Unix NetHack Version 3.7.0-53 Work-in-progress - last build Apr 1 2022 12:02:44 (7e311aa8f678825fd515f266b121b8a7a7199ace,branch:master). Game began 2022-04-02 20:02:05, ended 2022-04-02 20:46:59. elenmirie, neutral female human Tourist ------ |....| #@###### +..... ##B## ## |....| ###......### --+-.-## ###----------- ##[###..........| |......<..| |.........| ----------- | Elenmirie the Sightseer St:14 Dx:12 Co:14 In:14 Wi:7 Ch:16 Neutral Dlvl:5 $:949 HP:0(23) Pw:10(10) AC:9 Xp:3/56 T:1946 Hungry Latest messages: You try to move the boulder, but in vain. You hear some noises in the distance. You descend the stairs. You climb up the stairs. The jackal bites! In what direction? l You kill the jackal! a - an uncursed +2 dart (at the ready). You are beginning to feel hungry. That door is closed. The door opens. You descend the stairs. You climb up the stairs. What do you want to eat? [bco or ?*] ? Blecch! Rotten food! You swap places with Yermak. With great effort you move the boulder. You find a hidden passage. You swap places with Yermak. You try to move the boulder, but in vain. You are beginning to feel hungry. You descend the stairs. You swap places with Yermak. You see here a scroll labeled EIRIS SAZUN IDISI. m - a scroll labeled EIRIS SAZUN IDISI. What do you want to use or apply? [ejktvx-z or ?*] w You don't have that object. What do you want to use or apply? [ejktvx-z or ?*] Never mind. The hobgoblin hits! You hit the hobgoblin. The hobgoblin hits! In what direction? h The dart hits the hobgoblin. The hobgoblin hits! In what direction? h You kill the hobgoblin! w - 2 food rations. The giant bat bites! It bites the giant bat. The giant bat misses it. The giant bat bites! You hear some noises. The giant bat bites! You die... Do you want your possessions identified? [ynq] (y) y Do you want to see your attributes? [ynq] (y) y Do you want an account of creatures vanquished? [ynaq] (y) y Do you want to see your conduct and achievements? [ynq] (y) y Do you want to see the dungeon overview? [ynq] (y) y Major events: Turn 1: elenmirie the neutral female human Tourist entered the dungeon 983: attained the rank of Sightseer (level 3) 1796: entered the Gnomish Mines 1946: killed by a giant bat Inventory: Coins $ - 949 gold pieces Weapons a - 19 uncursed +2 darts (at the ready) u - a blessed +2 orcish dagger Armor n - an uncursed +0 orcish helm (being worn) f - an uncursed +0 dwarvish cloak (being worn) i - an uncursed +0 Hawaiian shirt with a giant eel motif (being worn) Comestibles b - 7 uncursed food rations w - 2 uncursed food rations o - an uncursed fortune cookie Scrolls p - a cursed scroll of confuse monster m - an uncursed scroll of food detection h - 4 uncursed scrolls of magic mapping r - an uncursed scroll of magic mapping q - a blessed scroll of punishment Spellbooks x - an uncursed spellbook of cure sickness Potions g - 2 uncursed potions of extra healing l - an uncursed potion of gain ability s - 2 uncursed potions of water Wands y - an uncursed wand of create monster (0:13) z - an uncursed wand of create monster (0:13) Tools k - an uncursed credit card j - an uncursed expensive camera (0:85) v - an uncursed leash e - an uncursed lock pick Gems/Stones t - an uncursed luckstone Elenmirie the Tourist's attributes: Background: You were a Sightseer, a level 3 female human Tourist. You were neutral, nominally on a mission for The Lady who was opposed by Blind Io (lawful) and Offler (chaotic). You were in the Dungeons of Doom, on level 5. You entered the dungeon 1946 turns ago. There was a new moon in effect when your adventure ended. You had 56 experience points, 24 more were needed to attain level 4. Basics: You had 0 out of 23 hit points. You had all 10 energy points (spell power). Your armor class was 9. Your wallet contained 949 zorkmids. Autopickup was on for '$' plus thrown. Final Characteristics: Your strength was 14 (limit:18/100). Your dexterity was 12 (limit:18). Your constitution was 14 (limit:18). Your intelligence was 14 (limit:18). Your wisdom was 7 (limit:18). Your charisma was 16 (limit:18). Final Status: You were hungry. You were unencumbered. You were bare handed. You were unskilled in bare handed combat. Final Attributes: You were devoutly aligned. You were warded. You were lucky. You had extra luck. Bad luck did not time out for you. Good luck did not time out for you. You are dead. Miscellaneous: You never encountered a bones level. Total elapsed playing time was 24 minutes and 22 seconds. Vanquished creatures: a dwarf zombie an acid blob 2 coyotes a hobbit a hobgoblin a giant rat a cave spider a gnome zombie a gecko 5 jackals a fox 4 goblins a sewer rat 4 grid bugs a kobold zombie 2 newts 28 creatures vanquished. No species were genocided or became extinct. Voluntary challenges: You were an atheist. You never hit with a wielded weapon. You read items or engraved 1 time. You never engraved Elbereth. You never genocided any monsters. You never polymorphed an object. You never changed form. You used no wishes. Achievements: You attained the rank of Sightseer. You entered a shop. You entered the Gnomish Mines. The Dungeons of Doom: levels 1 to 5 Level 1: Level 2: A fountain. Level 3: "expensive water in shop" A potion shop, a sink. Level 4: A fountain. Stairs down to The Gnomish Mines. Level 5: <- You were here. Final resting place for you, killed by a giant bat. The Gnomish Mines: Level 5: Game over: ---------- / \ / REST \ / IN \ / PEACE \ / \ | elenmirie | | 949 Au | | killed by a | | giant bat | | | | | | 2022 | *| * * * | * _________)/\\_//(\/(/\)/\//\/|_)_______ Aloha elenmirie the Tourist... You died in The Dungeons of Doom on dungeon level 5 with 493 points, and 949 pieces of gold, after 1946 moves. You were level 3 with a maximum of 23 hit points when you died.